 Dungeon Crawl Stone Soup version 0.29.0-5-ge4962eb29e (webtiles) character file.

Game seed: 6862038391504334122

212 loudpacc the Trooper (level 5, 0/48 HPs)
             Began as a Minotaur Fighter on Aug 28, 2022.
             Slain by an orc
             ... wielding a +0 club
              (2 damage)
             ... on level 4 of the Dungeon.
             The game lasted 00:15:00 (4463 turns).

loudpacc the Trooper (Minotaur Fighter)             Turns: 4463, Time: 00:15:01

Health: 0/48       AC:  4    Str: 22    XL:     5   Next: 58%
Magic:  4/4        EV: 11    Int:  5    God:
Gold:   181        SH:  4    Dex: 10    Spells: 4/4 levels left

rFire   . . .      SeeInvis .   a - +1 long sword
rCold   . . .      Faith    .   c - +0 buckler
rNeg    . . .      Spirit   .   f - +1 leather armour {rPois}
rPois   +          Reflect  .   (helmet restricted)
rElec   .          Harm     .   (no cloak)
rCorr   .          Rampage  .   (no gloves)
Will    .....                   (no boots)
Stlth   +.........              (no amulet)
HPRegen 0.16/turn               (no ring)
MPRegen 0.09/turn               (no ring)

@: no status effects
A: horns 2, retaliatory headbutt
a: no special abilities


You were on level 4 of the Dungeon.
You visited 1 branch of the dungeon, and saw 4 of its levels.

You collected 181 gold pieces.

Inventory:

Hand Weapons
 a - a +1 long sword (weapon)
 p - a +1 short sword of speed
 z - a +0 quarterstaff
Missiles
 k - a throwing net
 o - 7 stones
 q - 9 boomerangs (quivered)
Armour
 b - a +0 scale mail
 c - a +0 buckler (worn)
 f - a +1 leather armour of poison resistance (worn)
 m - a +0 ring mail
Magical Staves
 u - a staff of fire
Jewellery
 x - an amulet of faith
Scrolls
 e - 2 scrolls of enchant weapon
 g - 3 scrolls of teleportation
 i - a scroll of amnesia
 j - a scroll of fog
 v - 2 scrolls of identify
 y - a scroll of noise {unknown}
Potions
 d - 3 potions of might
 h - a potion of magic {unknown}
 l - a potion of invisibility {unknown}
 n - 3 potions of haste {unknown}
 r - a potion of ambrosia {unknown}
 s - a potion of degeneration {unknown}
 t - 3 potions of heal wounds {unknown}
 w - 2 potions of attraction {unknown}
 A - a potion of flight {unknown}


   Skills:
 + Level 5.0 Fighting
 + Level 4.0 Long Blades
 + Level 4.7 Armour
 - Level 1.2 Dodging
 + Level 4.7 Shields


You had 4 spell levels left.
You didn't know any spells.
Your spell library contained the following spells:

 Spells                   Type           Power      Damage    Failure   Level
 Magic Dart               Conj           0%         1d3       61%         1
 Call Imp                 Summ           0%         N/A       75%         2
 Ensorcelled Hibernation  Hex/Ice        0%         N/A       75%         2
 Passwall                 Tmut/Erth      0%         N/A       75%         2
 Static Discharge         Conj/Air       0%         3-3/arc   75%         2
 Call Canine Familiar     Summ           0%         N/A       93%         3
 Mephitic Cloud           Conj/Pois/Air  0%         N/A       93%         3
 Portal Projectile        Hex/Tloc       0%         N/A       93%         3
 Swiftness                Air            0%         N/A       93%         3
 Leda's Liquefaction      Hex/Erth       0%         N/A       100%        4
 Lightning Bolt           Conj/Air       0%         1d11      100%        5
 Maxwell's Capacitive Co  Air            0%         ∞         100%        8


Dungeon Overview and Level Annotations

Branches:
Dungeon (4/15)
 Temple: D:4-7

Altars:


Innate Abilities, Weirdness & Mutations

You have a pair of horns on your head.
You reflexively headbutt those who attack you in melee.


Message History

You slash the iguana!
The iguana is severely wounded.
The iguana closely misses you. You furiously retaliate!
You headbutt the iguana, but do no damage.
The orc barely misses you.
You hit the iguana. Your headbutt misses the iguana.
The iguana is almost dead.
You block the iguana's attack. The orc hits you with a +0 club. x2
The iguana bites you!
* * * LOW HITPOINT WARNING * * *
You slash the iguana!
You kill the iguana!
The adder bites you.
* * * LOW HITPOINT WARNING * * *
You block the orc's attack.
Your Long Blades skill increases to level 4!
You closely miss the adder. The adder closely misses you.
You furiously retaliate!
You headbutt the adder!
You kill the adder!
You block the orc's attack.
Your Fighting skill increases to level 5!
You hit the orc but do no damage. Your headbutt misses the orc.
The orc barely misses you. The orc hits you with a +0 falchion.
* * * LOW HITPOINT WARNING * * *
You slash the orc!
The orc is almost dead.
The orc misses you. You furiously retaliate!
You headbutt the orc. The orc hits you with a +0 falchion.
* * * LOW HITPOINT WARNING * * *
You hit the orc. Your headbutt misses the orc.
The orc is severely wounded.
The orc hits you with a +0 falchion.
* * * LOW HITPOINT WARNING * * *
You slash the orc!
You kill the orc!
You hit the orc.
You kill the orc!
The orc hits you but does no damage. The orc attacks as you move away!
The orc hits you with a +0 club.
You die...

..##..### .......# .#
.....#.# ..# #.#..#.#
..# #.#..#.## ..# #
#.#.....####..#
.##.##....?........####
............o##........
....$.......)@....#
######.#..#.###.#.#
...#..#<<.....#
#####..######### ...#
#####


You could see an orc.

Vanquished Creatures
  An iguana (D:4)
  Natasha (twice) (D:2)
  7 adders
  3 worms (D:2)
  A dart slug (D:2)
  2 orcs (D:4)
  6 endoplasms
  3 giant cockroaches
  8 goblins
  4 hobgoblins (D:1)
  3 jackals (D:1)
  6 kobolds
  2 quokkas
  5 ball pythons
  8 bats
  4 frilled lizards
  2 rats
67 creatures vanquished.

Notes
Turn   | Place    | Note
-------+----------+-------------------------------------------
     0 | D:1      | loudpacc the Minotaur Fighter began the quest for the Orb.
     0 | D:1      | Reached XP level 1. HP: 19/19 MP: 0/0
   491 | D:1      | Reached XP level 2. HP: 25/27 MP: 1/1
   589 | D:1      | Reached skill level 4 in Fighting
  1007 | D:1      | Reached skill level 1 in Dodging
  1012 | D:1      | Reached XP level 3. HP: 23/33 MP: 2/2
  2520 | D:2      | Noticed Natasha
  2531 | D:2      | Killed Natasha
  2532 | D:2      | Reached XP level 4. HP: 25/41 MP: 3/3
  2734 | D:2      | Noticed Natasha
  2743 | D:2      | Killed Natasha
  2790 | D:2      | Found a faded altar of an unknown god.
  3582 | D:3      | Reached XP level 5. HP: 47/47 MP: 4/4
  4458 | D:4      | Reached skill level 5 in Fighting
  4460 | D:4      | HP: 2/48 [orc/+0 falchion (1)]
  4463 | D:4      | Slain by an orc

Illustrated notes

Levels and vault maps discovered:
D:1:      co_arrival_two_rings, layout_rooms
D:2:      layout_loops_corners, hellmonk_ecumenical_altar_lost_god, uniq_natasha
D:3:      layout_basic, minmay_box_of_dots
D:4:      layout_loops_ring, nicolae_specific_store, uniq_sigmund

Skill      XL: |  1  2  3  4  5 |
---------------+----------------+-----
Fighting       | 4 5 |  5.0
Dodging        | 1 |  1.2
Long Blades    | 3 4 |  4.0
Shields        | 4 |  4.7
Armour         | 4 |  4.7

Action                   |  1- 3 |  4- 6 || total
-------------------------+-------+-------++-------
Melee: Long sword        |   111 |    61 ||   172
       Headbutt          |    18 |     3 ||    21
  Use: Scroll            |     5 |     1 ||     6
Armor: Leather armour    |    51 |    26 ||    77
Dodge: Dodged            |    77 |    64 ||   141
Block: Buckler           |    25 |    22 ||    47
